 Dungeon Sprint DCSS version 0.31-a0-846-gb3bcc0d938 (webtiles) character file.

Game seed: 7803634099449432962

336 sircluck the Grappler (level 6, -1/71 HPs)
             Began as a Troll Berserker on Oct 3, 2023.
             Was a Believer of Trog.
             Slain by a killer bee (4 damage)
             ... in the Dungeon (Sprint IV: "Fedhas' Mad Dash").
             The game lasted 00:00:57 (189 turns).

sircluck the Grappler (Troll Berserker)              Turns: 189, Time: 00:00:58

Health: -1/71      AC:  4    Str: 28    XL:     6   Next: 28%
Magic:  5/5        EV: 11    Int:  3    God:    Trog [**....]
Gold:   71         SH:  0    Dex:  9    Spells: 5/5 levels left

rFire   . .          .
                       - Unarmed
rCold   . . .        (no shield)
rNeg    . . .        a - +0 animal skin
rPois   .            (helmet restricted)
rElec   .            (no cloak)
rCorr   .            (gloves unavailable)
SInv    .            (boots unavailable)
Will    .....        h - amulet of invisibility {+Inv}
Stlth   +            (no ring)
HPRegen 1.11/turn    (no ring)
MPRegen 0.09/turn

%: no teleportation
@: lethally poisoned (-1 -> -2)
A: large, unfitting armour, claws 3, regeneration 1, shaggy fur 1, tough skin 1
a: Renounce Religion, Evoke Invisibility, Berserk, Trog's Hand


You were in the Dungeon.
You worshipped Trog.
Trog was pleased with you.
You visited 1 branch You collected 71 gold pieces.

Inventory:

Armour
 a - a +0 animal skin (worn)
Jewellery
 h - the amulet of invisibility (around neck) {+Inv}
   (You found it in the Dungeon)

   [amulet of nothing]

   +Inv:      It lets you turn invisible.
Potions
 b - a potion of curing
 c - a potion of heal wounds
 d - a potion of haste
 e - 2 potions of magic
 f - a potion of berserk rage


   Skills:
 + Level 7.0 Fighting
 + Level 6.9 Dodging
 + Level 8.3 Unarmed Combat


You had 5 spell levels left.
You didn't know any spells.
Your spell library was empty.

Dungeon Overview and Level Annotations

Branches:
Dungeon (1/1)

Altars:


Innate Abilities, Weirdness & Mutations

You are too large for most types of armour.
You have claws for hands.
Your natural rate of healing is unusually fast.
You are covered in fur. (AC +1)
You have tough skin. (AC +1)


Message History

You scratch the queen bee but do no damage.
The queen bee is severely wounded.
You feel sick. The queen bee closely misses you.
You barely miss the queen bee.
The queen bee is severely wounded.
You feel sick. The queen bee stings you!
You are more poisoned.
The queen bee poisons you!
You closely miss the queen bee.
The queen bee is severely wounded.
You feel very sick. The queen bee stings you.
* * * LOW HITPOINT WARNING * * *
You scratch the queen bee but do no damage.
The queen bee is severely wounded.
You feel sick.
The queen bee stings you but does no damage.
You claw the queen bee!
The queen bee is almost dead.
You feel sick. The queen bee barely misses you.
You closely miss the queen bee.
The queen bee is almost dead.
You feel sick.
You claw the queen bee!
You kill the queen bee!
Trog accepts your kill.
You feel sick.
Your Fighting skill gained 2 levels and is now at level 7!
Your Dodging skill increases to level 6!
Your Unarmed Combat skill gained 2 levels and is now at level 8!
You have reached level 5!
You have reached level 6!
You feel stronger.
Unknown command.
You claw the killer bee!
The killer bee is heavily wounded.
You feel sick. The killer bee stings you.
* * * LOW HITPOINT WARNING * * *
The killer bee stings you.
You die...

##################
#<..P#.†...#.....#
#PP.@y.[...'.#.).+
#PPPP#.....#.#†y.#
###############'##
♣........'...#
yyy..♣.....#...#
... ♣..♣..###### +
#+#####


You could see a killer bee.

Vanquished Creatures
  A queen bee (D)
  A scorpion (D)
  2 oklob saplings (D)
  A river rat (D)
  A rat (D)
6 creatures vanquished.

Notes
Turn   | Place    | Note
-------+----------+-------------------------------------------
     0 | D        | sircluck the Troll Berserker began the quest for the Orb.
     0 | D        | Reached XP level 1. HP: 22/22 MP: 0/0
     9 | D        | Reached XP level 2. HP: 22/31 MP: 1/1
    21 | D        | Noticed an oklob sapling
    28 | D        | Killed an oklob sapling
    28 | D        | Reached ** piety under Trog
    29 | D        | Reached skill level 4 in Unarmed Combat
    29 | D        | Reached XP level 3. HP: 39/39 MP: 2/2
    30 | D        | Noticed a scorpion
    30 | D        | Found the amulet of invisibility {+Inv}
    36 | D        | Killed a scorpion
    37 | D        | Reached skill level 5 in Unarmed Combat
    37 | D        | Reached XP level 4. HP: 34/49 MP: 3/3
    84 | D        | Reached skill level 5 in Fighting
    84 | D        | Reached skill level 5 in Dodging
    84 | D        | Reached skill level 6 in Unarmed Combat
   119 | D        | Noticed a queen bee
   188 | D        | Killed a queen bee
   189 | D        | Reached skill level 8 in Unarmed Combat
   189 | D        | Reached XP level 5. HP: 7/62 MP: 4/4
   189 | D        | Reached XP level 6. HP: 8/71 MP: 5/5
   189 | D        | HP: 3/71 [killer bee (5)]
   189 | D        | Slain by a killer bee

Illustrated notes

Levels and vault maps discovered:
D:        dungeon_sprint_fedhas [sprint_temple]

Skill      XL: |  1  2  3  4 |
---------------+-------------+-----
Fighting       | 3 4 7 |  7.0
Dodging        | 3 4 6 |  6.9
Unarmed Combat | 4 5 8 |  8.3

Action                     |  1- 3 |  4- 6 || total
---------------------------+-------+-------++-------
  Melee: Unarmed           |    15 |    22 ||    37
 Invoke: Berserk           |       |     1 ||     1
    Use: Scroll            |       |     1 ||     1
 Armour: Animal skin       |     6 |    28 ||    34
  Dodge: Dodged            |     4 |    20 ||    24

Table legend: (Time is in decaauts)
 A = Elapsed time spent in this place.
 B = Non-inter-level travel time spent in this place.
 C = Inter-level travel time spent in this place.
 D = Time resting spent in this place.
 E = Time spent auto-exploring this place.
 F = Levels seen in this place.
 G = Mean time per level.
                   A        B        C        D        E       F      G
               +--------+--------+--------+--------+--------+-----+--------+
         Total |    196 |    196 |      0 |     61 |     55 |   1 |  196.0 |
       Dungeon |    196 |    196 |      0 |     61 |     55 |   1 |  196.0 |
               +--------+--------+--------+--------+--------+-----+--------+

Top non-repeatable levels by time:
       D: 196 daAuts
